 Dungeon Crawl Stone Soup version 0.28.0-53-g5a82cb258f (webtiles) character file.

Game seed: 3626742288286991921

66 croobank the Sneak (level 3, -2/17 HPs)
             Began as a Felid Delver on June 17, 2022.
             Was an Initiate of Gozag.
             Slain by a gnoll
             ... wielding a +0 flail
              (9 damage)
             ... on level 3 of the Dungeon.
             The game lasted 00:07:56 (2648 turns).

croobank the Sneak (Felid Delver)                   Turns: 2648, Time: 00:07:56

Health: -2/17      AC:  1    Str:  8    XL:     3   Next: 96%
Magic:  5/5        EV: 18    Int: 13    God:    Gozag
Gold:   245        SH:  0    Dex: 17    Spells: 3/3 levels left
                                        Lives:  0   Deaths: 0

rFire   . . .      SeeInvis +     - Unarmed
rCold   . . .      Faith    .   (shield unavailable)
rNeg    . . .      Spirit   .   (armour unavailable)
rPois   .          Reflect  .   (helmet unavailable)
rElec   .          Harm     .   (cloak unavailable)
rCorr   +          Rampage  .   (gloves unavailable)
Will    .....                   (boots unavailable)
Stlth   ++++......              (no amulet)
HPRegen 0.05/turn               b - ring of resist corrosion
MPRegen 0.09/turn               (no ring)

@: quick
A: very small, claws 1, fangs 3, see invisible, speed 1, shaggy fur 1, stealthy
paws, no weapons or thrown items, no armour, multi-lived
a: Renounce Religion, Potion Petition, Call Merchant, Bribe Branch


You were on level 3 of the Dungeon.
You worshipped Gozag.
Gozag was aware of your devotion.
You visited 2 branches of the dungeon, and saw 6 of its levels.

You collected 254 gold pieces.
You paid 9 gold pieces to Gozag.

Inventory:

Missiles
 d - 2 throwing nets
Jewellery
 b - a ring of resist corrosion (left paw)
 r - a ring of ice
Wands
 e - a wand of digging (2)
Scrolls
 a - a scroll of fog
 f - 2 scrolls of immolation {unknown}
 i - a scroll of identify {unknown}
 j - a scroll of teleportation {unknown}
 k - a scroll of vulnerability {unknown}
 m - a scroll of noise {unknown}
 q - a scroll of blinking {unknown}
 s - a scroll of enchant weapon {unknown}
 t - a scroll of amnesia {unknown}
Potions
 c - a potion of cancellation {unknown}
 g - a potion of degeneration {unknown}
 h - a potion of lignification {unknown}
 l - a potion of curing {unknown}
 n - a potion of ambrosia {unknown}
 o - a potion of flight {unknown}
 p - a potion of mutation {unknown}


   Skills:
 + Level 3.3 Fighting
 + Level 3.4 Dodging
 + Level 7.1 Stealth
 + Level 2.5 Unarmed Combat
 + Level 0.8 Spellcasting
 + Level 1.2 Hexes


You had 3 spell levels left.
You didn't know any spells.
Your spell library contained the following spells:

 Spells                   Type           Power      Damage    Failure   Level
 Summon Small Mammal      Summ           0%         N/A       28%         1
 Blink                    Tloc           0%         N/A       41%         2
 Tukima's Dance           Hex            3%         N/A       45%         3
 Summon Guardian Golem    Hex/Summ       2%         N/A       56%         3
 Call Canine Familiar     Summ           0%         N/A       65%         3
 Anguish                  Hex/Necr       1%         N/A       92%         4
 Manifold Assault         Tloc           0%         N/A       100%        5
 Enfeeble                 Hex            1%         N/A       100%        7
 Storm Form               Tmut/Air       0%         N/A       100%        7


Dungeon Overview and Level Annotations

Branches:
Dungeon (5/15)             Temple (1/1) D:5

Altars:
Fedhas
Gozag
Okawaru
Sif Muna
Yredelemnul
The Shining One


Innate Abilities, Weirdness & Mutations

You have sharp claws.
You have razor-sharp teeth.
You have supernaturally acute eyesight. (SInv)
You cover ground quickly. (Speed+)
You are covered in fur. (AC +1)
Your paws help you pounce on unaware monsters.
You are incapable of wielding weapons or throwing items.
You cannot wear armour.
You gain extra lives every three experience levels.


Message History

A gnoll and a hound come into view.
A hound comes into view.
You scratch the gnoll but do no damage. The gnoll completely misses you.
You scratch the gnoll but do no damage. The gnoll closely misses you.
You scratch the gnoll.
The gnoll is moderately wounded.
The gnoll closely misses you.
You scratch the gnoll but do no damage.
The gnoll is moderately wounded.
The gnoll misses you.
You closely miss the gnoll.
The gnoll is moderately wounded.
The gnoll misses you.
You scratch the gnoll but do no damage.
The gnoll is moderately wounded.
The gnoll hits you with a +0 flail.
You closely miss the gnoll.
The gnoll is moderately wounded.
The gnoll completely misses you.
You scratch the gnoll but do no damage.
The gnoll is moderately wounded.
The gnoll misses you.
You scratch the gnoll but do no damage. Your bite misses the gnoll.
The gnoll is moderately wounded.
The gnoll hits you with a +0 flail.
You barely miss the gnoll. You bite the gnoll.
The gnoll is heavily wounded.
The gnoll barely misses you.
You scratch the gnoll.
The gnoll is severely wounded.
The gnoll misses you.
You closely miss the gnoll.
The gnoll is severely wounded.
The gnoll hits you with a +0 flail.
You scratch the gnoll. Your bite misses the gnoll.
The gnoll is almost dead.
The gnoll hits you with a +0 flail!
Ouch! That really hurt!
You die...
Your body crumbles into a pile of gold.

#####*#.##.#.##..
#...+^#....#.####
#h.h#*#.####.#***
*...+,#.# #..,,,
####'###.# ###**#
#..PgP..## #######
#.......# #.....#
#g##...## #..>..#
#@##.#.# #.....#
#.##.#.# #.....#
#......#####.....#
####.......###.###
#..####.###.#
#...........#
#....##.######
*****#***
#....#.......#
*****,,,,,.,*
#.......###..#


You could see a gnoll.

Vanquished Creatures
  An orc wizard (D:3)
  A worm (D:2)
  3 orcs (D:3)
  A ball python (D:1)
  2 bats
  4 endoplasms
  3 giant cockroaches
  3 goblins
  A hobgoblin (D:2)
  4 jackals
  3 kobolds
  A quokka (D:1)
  A frilled lizard (D:2)
  2 rats (D:2)
30 creatures vanquished.

Vanquished Creatures (others)
  3 plants (D:2)
3 creatures vanquished.

Grand Total: 33 creatures vanquished

Notes
Turn   | Place    | Note
-------+----------+-------------------------------------------
     0 | D:5      | croobank the Felid Delver began the quest for the Orb.
     0 | D:5      | Reached XP level 1. HP: 10/10 MP: 2/2
    32 | D:5      | Found a staircase to the Ecumenical Temple.
    35 | D:5      | Noticed a scorpion
    42 | Temple   | Entered the Ecumenical Temple
    64 | Temple   | Became a worshipper of Gozag Ym Sagoz the Greedy
   480 | D:3      | Noticed an orc wizard
   511 | D:3      | Noticed an ogre
   554 | D:2      | Identified the +0 mace "Luffazikhla" {flame, *Slow rElec
                  | Str+7}
   671 | D:1      | Found a faded altar of an unknown god.
   671 | D:1      | Identified the +4 falchion "Hell-Harrower" {vorpal, *Noise
                  | rElec rN+}
   808 | D:1      | You fall into a shaft and drop 1 floor!
  1111 | D:1      | Reached XP level 2. HP: 14/14 MP: 3/3
  1943 | D:2      | Reached skill level 7 in Stealth
  1943 | D:2      | Reached XP level 3. HP: 15/17 MP: 4/4
  2333 | D:3      | Reached skill level 1 in Hexes
  2351 | D:3      | Found Fehovyra's Weapon Boutique.
  2648 | D:3      | Slain by a gnoll

Illustrated notes

Levels and vault maps discovered:
D:1:      saegor_arrival_simple_c, layout_basic,
          hellmonk_ecumenical_altar_lost_god, minmay_liquid_box
D:2:      layout_rooms, serial_forest, infiniplex_forest_lined_corner,
          infiniplex_forest_clump_curved, infiniplex_forest_lined_4_way,
          infiniplex_forest_lined_corner, infiniplex_forest_clump_C,
          infiniplex_forest_clump_curved, infiniplex_forest_corner_1,
          infiniplex_forest_clump_medium, infiniplex_forest_clump_double,
          minmay_hedge_maze, minmay_close_crescents
D:3:      layout_loops_cross, serial_shops, shop_fountains, cheibrodos_gnoll_hut
D:4:      kennysheep_goblin_castle, layout_basic, ldierk_geyser,
          nicolae_figureground_sparkle
D:5:      minmay_octagon_keep, layout_basic, nicolae_wu_jian_wuxing_cycle,
          minmay_temple_entry_glass, serial_shops,
          nicolae_shop_temple_entry_statues_fountains
Temple:   regret_index_temple_waves

Skill      XL: |  1  2  3 |
---------------+----------+-----
Dodging        | 3 |  3.4
Stealth        | 7 |  7.1
Hexes          | 1 |  1.2
Fighting       | |  3.3
Unarmed Combat | |  2.5
Spellcasting   | |  0.8

Action                   || total
-------------------------++-------
Melee: Unarmed           ||    93
       Bite              ||    10
       Punch             ||     1
Evoke: Wand              ||     1
  Use: Scroll            ||     2
       Potion            ||     1
 Stab: Sleeping          ||    14
Armor: Skin              ||     3
Dodge: Dodged            ||    59
